 Dungeon Crawl Stone Soup version 0.28.0 (webtiles) character file.

Game seed: 604121513790999450

0 Sanktem7 the Ducker (level 1, 0/11 HPs)
             Began as a Spriggan Abyssal Knight on Feb 16, 2022.
             Was a Follower of Lugonu.
             Killed from afar by a smoke demon (9 damage)
             ... with a sticky flame
             ... on level 5 of the Abyss.
             The game lasted 00:02:07 (188 turns).

Sanktem7 the Ducker (Spriggan Abyssal Knight)        Turns: 188, Time: 00:02:08

Health: 0/11       AC:  2    Str:  9    XL:     1   Next: 0%
Magic:  3/3        EV: 17    Int: 11    God:    Lugonu [*.....]
Gold:   0          SH:  0    Dex: 15    Spells: 0/0 levels left

rFire   . . .      SeeInvis +   a - +1 short sword
rCold   . . .      Faith    .   (no shield)
rNeg    . . .      Spirit   .   b - +0 robe
rPois   .          Reflect  .   (helmet restricted)
rElec   .          Harm     .   (no cloak)
rCorr   .          Rampage  .   (gloves unavailable)
Will    .....                   (boots unavailable)
Stlth   +.........              (no amulet)
HPRegen 0.03/turn               (no ring)
MPRegen 0.08/turn               (no ring)

@: on fire, glowing, very quick
A: very small, no large weapons, unfitting armour, see invisible, speed 3
a: Renounce Religion, Depart the Abyss


You were on level 5 of the Abyss.
You worshipped Lugonu.
Lugonu was aware of your devotion.
You visited 0 branches of the dungeon, and saw 0 of its levels.
You visited the Abyss 1 time.

Inventory:

Hand Weapons
 a - a +1 short sword (weapon)
Armour
 b - a +0 robe (worn)


   Skills:
 + Level 2.4 Fighting
 + Level 2.1 Short Blades
 + Level 3.2 Dodging
 + Level 1.7 Invocations


You couldn't memorise any spells.
You didn't know any spells.
Your spell library was empty.

Dungeon Overview and Level Annotations

Branches:
Dungeon (0/15)

Altars:


Innate Abilities, Weirdness & Mutations

You are very small and have problems with some larger weapons.
You are too small for most types of armour.
You have supernaturally acute eyesight. (SInv)
You cover ground extremely quickly. (Speed+++)


Message History

There is a gateway leading deeper into the Abyss here.
You plunge deeper into the Abyss.
Found a gateway leading deeper into the Abyss.
There is a gateway leading deeper into the Abyss here.
You plunge deeper into the Abyss.
The abyssal rune of Zot can be found at this depth.
Found a gateway leading deeper into the Abyss.
Found a bloodstained altar of Trog.
There is a gateway leading deeper into the Abyss here.
You plunge deeper into the Abyss.
The abyssal rune of Zot can be found at this depth.
An ancient zyme comes into view.
You feel yourself growing ill in the presence of the ancient zyme.
A large abomination and a starcursed mass come into view.
A wretched star comes into view.
A tentacled starspawn comes into view.
A large abomination comes into view.
A tentacle flies out from the starspawn's body!
A starspawn tentacle comes into view.
The starspawn tentacle grabs you. The starspawn tentacle constricts you.
A starspawn tentacle comes into view.
You escape the starspawn tentacle's grasp.
A large abomination comes into view.
Found a gateway leading deeper into the Abyss.
There is a gateway leading deeper into the Abyss here.
You plunge deeper into the Abyss.
The abyssal rune of Zot can be found at this depth.
Found a scroll labelled VYFUNU VOIBB.
A smoke demon comes into view.
A smoke demon comes into view.
Found 23 arrows.
The smoke demon roars!
You hear a roar!
A tentacle flies out from the starspawn's body!
A starspawn tentacle comes into view.
Found a gateway leading out of the Abyss.
The smoke demon gestures at you. The sticky flame hits you!
You are covered in liquid flames!
Ouch! That really hurt!
You die...

..#.#..#.#8...#.
##.#..#..#...#..
#.#....#.#....#
#.#...#.....# . .#
#####.##..#.3#..( . .
...........#.#...#..
...............#......
... ..#.......#8..#..
#... #.#..@#.....#...
.......#.....#........
.. ..................
.. ............##.#.#
...............# ∩..#
... ...#.....### ## ..
...###...## .#....
.....


You could see a smoke demon.

Vanquished Creatures (others)
  4 starspawn tentacles
4 creatures vanquished.

Notes
Turn   | Place    | Note
-------+----------+-------------------------------------------
     0 | Abyss:1  | Sanktem7 the Spriggan Abyssal Knight began the quest for
                  | the Orb.
     0 | Abyss:1  | Reached XP level 1. HP: 11/11 MP: 3/3
    52 | Abyss:3  | Found a bloodstained altar of Trog.
    56 | Abyss:4  | Noticed a large abomination
    64 | Abyss:4  | Noticed an ancient zyme
    98 | Abyss:4  | Noticed a wraith
   103 | Abyss:4  | Noticed a large abomination
   103 | Abyss:4  | Noticed a starcursed mass
   103 | Abyss:4  | Noticed a wretched star
   118 | Abyss:4  | Noticed a tentacled starspawn
   119 | Abyss:4  | Noticed a large abomination
   136 | Abyss:4  | Noticed a large abomination
   166 | Abyss:5  | Entered Level 5 of the Abyss
   180 | Abyss:5  | Noticed a tentacled starspawn
   181 | Abyss:5  | Noticed a smoke demon
   182 | Abyss:5  | Noticed a smoke demon
   188 | Abyss:5  | Killed from afar by a smoke demon

Illustrated notes

Levels and vault maps discovered:
Abyss:5:  base: Temple, base: Temple, due_exit_kobolds,
          hangedman_abyss_feature_spike, minivault_1,
          doesnt_abyss_rune_brain_food, evilmike_abyss_exit_16
